 Dungeon Crawl Stone Soup version 0.31.0-11-ge490571c62 (webtiles) character file.

Game seed: 6008675291736281926

51 ProzacElf the Poker (level 3, -2/29 HPs)
             Began as a Merfolk Berserker on Jan 31, 2024.
             Was a Believer of Trog.
             Slain by a goblin
             ... wielding a +0 club
             ... led by Robin
              (6 damage)
             ... on level 1 of the Dungeon.
             The game lasted 00:02:39 (1176 turns).

ProzacElf the Poker (Merfolk Berserker)             Turns: 1176, Time: 00:02:40

Health: -2/29      AC:  8    Str: 19    XL:     3   Next: 83%
Magic:  3/3        EV:  9    Int:  6    God:    Trog [**....]
Gold:   14         SH:  0    Dex: 13    Spells: 2/2 levels left

rFire   . . .        b - +1 dagger (elec)
rCold   . . .        (no shield)
rNeg    . . .        k - +0 chain mail
rPois   .            (no helmet)
rElec   .            (no cloak)
rCorr   .            (no gloves)
SInv    .            (no boots)
Will    .....        (no amulet) Stlth
                     (no ring)
HPRegen 0.24/turn    (no ring)
MPRegen 0.08/turn

%: no passive effects
@: no status effects
A: (nimble swimmer 2), mertail
a: Renounce Religion, Berserk, Trog's Hand


You were on level 1 of the Dungeon.
You worshipped Trog.
Trog was pleased with you.
You visited 1 branch of the dungeon, and saw 2 of its levels.

You collected 14 gold pieces.

Inventory:

Hand Weapons
 a - a +0 spear
 b - a +1 dagger of electrocution (weapon)
Missiles
 m - 6 curare-tipped darts (quivered)
Armour
 g - a +0 leather armour
 i - a +0 animal skin
 k - a +0 chain mail (worn)
Talismans
 c - a blade talisman
Scrolls
 d - a scroll of fog {unknown}
 e - a scroll of identify {unknown}
 f - a scroll of brand weapon {unknown}
Potions
 h - 2 potions of haste {unknown}
 j - a potion of might {unknown}
 l - a potion of curing {unknown}
 n - a potion of resistance {unknown}
 o - a potion of attraction {unknown}


   Skills:
 - Level 3.2 Fighting
 + Level 4.8 Polearms
 - Level 1.3 Armour
 + Level 3.7 Dodging
 + Level 2.1 Stealth


You had 2 spell levels left.
You didn't know any spells.
Your spell library was empty.

Dungeon Overview and Level Annotations

Branches:
Dungeon (2/15)

Altars:

Annotations:
D:2 Robin, Sigmund


Innate Abilities, Weirdness & Mutations

((You are very nimble when in or above water. (Stealth+, EV+, Speed+++)))
Your lower body shifts to a powerful aquatic tail in water.


Message History

Ye take 11 damage, an' haf 18/29 hp.
MASSIVE DAMAGE!!
Tha hobgoblin closely misses ye.
Tha goblin hits ye wit' a +0 club.
Robin roars a battlecry!
Tha goblins go inta a battle-frenzy!
Tha goblin closely misses ye.
Ye climb upwards.
Thar be a stone staircase leadin' down, spatt'red wit' blood 'ere.
Ye take 2 damage, an' haf 16/29 hp.
Ye miss tha goblin.
Tha goblin be heavily wounded.
Tha hobgoblin hits ye but does nay damage.
Tha goblin hits ye but does nay damage.
Ye hit tha goblin.
Ye kill tha goblin!
Trog accepts yer kill.
Tha hobgoblin hits ye.
Ye take 2 damage, an' haf 14/29 hp.
Ye be too injured ta fight recklessly!
Ye closely miss tha hobgoblin.
Tha hobgoblin misses ye.
Ye hit tha hobgoblin.
Tha hobgoblin be moderately wounded.
Tha hobgoblin hits ye.
* * * LOW HITPOINT WARNIN'
* * * Ye take 6 damage, an' haf 8/29 hp.
MASSIVE DAMAGE!!
Ye hit tha hobgoblin.
Tha hobgoblin be almost dead.
Tha hobgoblin hits ye but does nay damage.
Ye hit tha hobgoblin but do nay damage.
Tha hobgoblin be almost dead.
Tha hobgoblin hits ye but does nay damage.
Ye hit tha hobgoblin.
Lightnin' courses through tha hobgoblin!
Ye kill tha hobgoblin!
Trog accepts yer kill.
Ye can now call upon Trog fer regeneration an' willpower.
Ye completely miss tha goblin.
Tha goblin hits ye wit' a +0 club.
* * * LOW HITPOINT WARNIN'
* * * Ye take 5 damage, an' haf 4/29 hp.
Ye closely miss tha goblin.
Tha goblin hits ye wit' a +0 club.
Ye die...

###### #≈≈~≈#
###≈~≈~###
#.'~≈~≈'.##
#.#≈~≈~#..#
#.#≈≈~≈##.########
#g######........##
#@# ########.#.
#)####### #..#
######'...# #.##
#≈....###.# #.#
#≈....#
#.#######.##
#≈....#
#.......#..#
##≈≈≈≈≈#
#.#####.....
#'########.#
####..
#.#####>##.# #..


You could see a goblin (strong).

Vanquished Creatures
  A gnoll (D:1)
  A dart slug (D:1)
  3 bats
  An endoplasm (D:1)
  2 giant cockroaches (D:2)
  9 goblins
  6 hobgoblins
  2 quokkas (D:1)
  2 ball pythons (D:1)
  7 kobolds
  3 rats
37 creatures vanquished.

Notes
Turn   | Place    | Note
-------+----------+-------------------------------------------
     0 | D:1      | ProzacElf the Merfolk Berserker began the quest for the
                  | Orb.
     0 | D:1      | Reached XP level 1. HP: 18/18 MP: 1/1
   220 | D:1      | Reached skill level 1 in Stealth
   220 | D:1      | Reached XP level 2. HP: 24/24 MP: 2/2
   661 | D:1      | Reached XP level 3. HP: 25/29 MP: 3/3
  1056 | D:2      | Noticed Sigmund
  1056 | D:2      | Noticed Robin
  1174 | D:1      | Reached ** piety under Trog
  1176 | D:1      | Slain by a goblin

Illustrated notes

Levels and vault maps discovered:
D:1:      minmay_arrival_four_houses, layout_loops_ring,
          chequers_serial_rivers_room_b, minmay_misc_feat_iff,
          hangedman_feature_mirror, hex_large, chequers_big_river,
          chequers_serial_rivers_room_a
D:2:      layout_loops_cross, serial_shops, shop, minmay_vboxes, uniq_sigmund,
          uniq_robin

Skill      XL: |  1  2  3 |
---------------+----------+-----
Dodging        | 3 |  3.7
Stealth        | 1 2 |  2.1
Fighting       | |  3.2
Polearms       | |  4.8
Armour         | |  1.3

Action                     || total
---------------------------++-------
  Melee: Spear             ||    34
         Dagger            ||    87
   Stab: Sleeping          ||     2
 Armour: Animal skin       ||    14
         Chain mail        ||    70
         Leather armour    ||     5
  Dodge: Dodged            ||    58

Action                     || total
---------------------------++-------
  Melee: Spear             ||    34
         Dagger            ||    87
   Stab: Sleeping          ||     2
 Armour: Animal skin       ||    14
         Chain mail        ||    70
         Leather armour    ||     5
  Dodge: Dodged            ||    58

Levels and vault maps discovered:
D:1:      minmay_arrival_four_houses, layout_loops_ring,
          chequers_serial_rivers_room_b, minmay_misc_feat_iff,
          hangedman_feature_mirror, hex_large, chequers_big_river,
          chequers_serial_rivers_room_a
D:2:      layout_loops_cross, serial_shops, shop, minmay_vboxes, uniq_sigmund,
          uniq_robin
